 Dungeon Crawl Stone Soup version 0.29-a0-380-gf50f0a9fbc (webtiles) character file.

Game seed: 4042351775276397808

10017 Antichthon the Fighter (level 11, -4/87 HPs)
             Began as a Formicid Abyssal Knight on May 5, 2022.
             Was the Champion of Lugonu.
             Slain by an entropy weaver simulacrum (12 damage)
             ... in an ice cave.
             The game lasted 00:37:52 (14066 turns).

Antichthon the Fighter (Formicid Abyssal Knight)   Turns: 14066, Time: 00:37:52

Health: -4/87      AC: 16    Str: 18    XL:     11   Next: 85%
Magic:  15/15      EV: 12    Int:  8    God:    Lugonu [******]
Gold:   435        SH: 10    Dex: 15    Spells: 10/10 levels left

rFire   . . .      SeeInvis +   a - +4 scimitar (spect)
rCold   + + .      Faith    .   w - +0 kite shield
rNeg    . . .      Spirit   .   E - +3 ring mail "Erchauci" {rElec rC+ Int-2}
rPois   +          Reflect  .   (helmet unavailable)
rElec   +          Harm     .   n - +2 cloak
rCorr   .          Rampage  .   i - +2 pair of gloves
Will    +....                   (no boots)
Stlth   +++.......              (no amulet)
HPRegen 0.24/turn               f - ring of poison resistance
MPRegen 0.14/turn               r - ring of protection from cold

@: no status effects
A: permanent stasis, dig shafts and tunnels, antennae 3, four strong arms
a: Dig, Renounce Religion, Depart the Abyss, Bend Space, Banish, Corrupt, Enter
the Abyss, Brand Weapon With Distortion


You were in an ice cave.
You worshipped Lugonu.
Lugonu was exalted by your worship.
You visited 1 branch of the dungeon, and saw 11 of its levels.
You visited the Abyss 1 time.
You also visited: Ossuary, Bailey and Ice Cave.

You collected 435 gold pieces.

Inventory:

Hand Weapons
 a - a +4 spectral scimitar (weapon)
 p - the +5 flail of the Assorted Demons {drain, rPois Will- Int+3}
   (You found it on level 2 of the Dungeon)

   A truly terrible weapon, it drains the life of any living foe it strikes.
   Int:       It affects your intelligence (+3).
   rPois:     It protects you from poison.
   Will:      It decreases your willpower.
Armour
 i - a +2 pair of gloves (worn)
 n - a +2 cloak (worn)
 w - a +0 kite shield (worn)
 E - the +3 ring mail "Erchauci" (worn) {rElec rC+ Int-2}
   (You found it on level 8 of the Dungeon)

   Int:       It affects your intelligence (-2).
   rC:        It protects you from cold.
   rElec:     It insulates you from electricity.
Jewellery
 e - a +6 ring of strength
 f - a ring of poison resistance (left hand)
 r - a ring of protection from cold (right hand)
Wands
 h - a wand of digging (11)
Scrolls
 m - a scroll of fear
 o - a scroll of vulnerability
 x - a scroll of amnesia
 y - a scroll of fog
Potions
 b - 3 potions of lignification
 c - 2 potions of magic
 d - 6 potions of curing
 g - 4 potions of brilliance
 j - 3 potions of resistance
 k - 3 potions of attraction
 l - 3 potions of cancellation
 q - a potion of mutation {unknown}
 t - 2 potions of ambrosia
 v - a potion of flight {unknown}
 z - 4 potions of invisibility
 A - 3 potions of might
Miscellaneous
 D - a lightning rod (4/4)


   Skills:
 * Level 8.9 Fighting
 - Level 2.0(4.2) Short Blades
 * Level 6.0(6.1) Long Blades
 * Level 5.0 Crossbows
 * Level 7.3 Armour
 * Level 6.3 Dodging
 * Level 8.2 Stealth
 * Level 7.2 Shields
 * Level 6.5 Invocations
 * Level 2.2 Evocations


You had 10 spell levels left.
You didn't know any spells.
Your spell library contained the following spells:

 Spells                   Type           Power      Damage    Failure   Level
 Beastly Appendage        Tmut           0%         N/A       83%         1
 Magic Dart               Conj           0%         1d3       83%         1
 Sandblast                Erth           0%         2d4       83%         1
 Passwall                 Tmut/Erth      0%         N/A       92%         2
 Searing Ray              Conj           0%         2d4       92%         2
 Static Discharge         Conj/Air       0%         N/A       92%         2
 Wereblood                Tmut           0%         N/A       92%         2
 Conjure Flame            Conj/Fire      0%         6-21      99%         3
 Frozen Ramparts          Ice            0%         1d2       99%         3
 Ignite Poison            Fire/Tmut/Pois 0%         N/A       99%         3
 Spider Form              Tmut/Pois      0%         N/A       99%         3
 Stone Arrow              Conj/Erth      0%         3d7       99%         3
 Dispel Undead            Necr           0%         3d6       100%        4
 Fulminant Prism          Conj/Hex       0%         3d6       100%        4
 Ice Form                 Ice/Tmut       0%         N/A       100%        4
 Sticky Flame             Conj/Fire      0%         2d3       100%        4
 Summon Ice Beast         Ice/Summ       0%         N/A       100%        4


Dungeon Overview and Level Annotations

Branches:
Dungeon (11/15)            Temple (0/1) D:7            Lair (0/6) D:11
    Orc (0/2) D:10        Ossuary (visited)          Bailey (visited)
  IceCv (1/1)

Altars:
Ashenzari
Cheibriados
Gozag
Hepliaklqana
Makhleb
Okawaru
Qazlal
Ru
Sif Muna
Wu Jian
The Shining One

Shops:
D:9 :

Annotations:
D:5 3 runed translucent doors, spaghetti's ghost, novice GnWn
D:10 Snorg


Innate Abilities, Weirdness & Mutations

You cannot be hasted, slowed, berserked, paralysed or teleported.
You can dig through walls and to a lower floor.
You have a pair of large antennae on your head. (SInv)
Your four strong arms can wield two-handed weapons with a shield.


Message History

Unknown command.
You hit the entropy weaver simulacrum.
The entropy weaver simulacrum is heavily damaged.
The entropy weaver simulacrum barely misses you.
The entropy weaver simulacrum hits you.
The entropy weaver simulacrum freezes you!
You resist.
* * * LOW HITPOINT WARNING * * *
The entropy weaver simulacrum hits you.
* * * LOW HITPOINT WARNING * * *
The entropy weaver simulacrum freezes you!
You resist.
* * * LOW HITPOINT WARNING * * *
You block the entropy weaver simulacrum's attack.
You feel much better.
You block the entropy weaver simulacrum's attack.
The entropy weaver simulacrum hits you but does no damage. x3
Unknown command.
You slash the entropy weaver simulacrum!
The entropy weaver simulacrum is severely damaged.
You block the entropy weaver simulacrum's attack.
The entropy weaver simulacrum closely misses you.
The entropy weaver simulacrum hits you.
* * * LOW HITPOINT WARNING * * *
The entropy weaver simulacrum freezes you!
You resist.
* * * LOW HITPOINT WARNING * * *
The entropy weaver simulacrum hits you but does no damage.
Unknown command.
You hit the entropy weaver simulacrum.
The entropy weaver simulacrum is almost destroyed.
You block the entropy weaver simulacrum's attack.
The entropy weaver simulacrum misses you.
You block the entropy weaver simulacrum's attack.
The entropy weaver simulacrum hits you but does no damage. x3
The entropy weaver simulacrum hits you.
* * * LOW HITPOINT WARNING * * *
The entropy weaver simulacrum freezes you!
You resist.
You die...

........##
.8.Z.....#
.........#
?u.....∩∩#
.........#
.8.Z..Z..##
........#.##
.......###Z##
......# ##@#
...### ##.#
### #.# #.#
##


You could see an entropy weaver simulacrum.

Vanquished Creatures
  A gargoyle (D:10)
  A troll (D:7)
  A hornet (D:10)
  Sigmund (D:2)
  A shadow (D:9)
  13 yaks
  A vampire (D:11)
  A wraith (Ossuary)
  2 steam dragons
  A harpy simulacrum (IceCv)
  Edmund (D:5)
  3 water moccasins
  6 orc warriors
  A black bear (D:5)
  2 ice beasts
  2 ogres
  4 centaurs
  A phantom (D:6)
  A kobold brigand (D:9)
  Blork the orc (D:5)
  2 bullfrogs
  A gnoll sergeant (D:7)
  3 scorpions
  18 wights
  43 killer bees
  A howler monkey (D:6)
  A vampire bat (D:4)
  5 hounds
  3 jellies
  7 orc priests
  A gnoll shaman (D:8)
  5 iguanas
  2 orc wizards
  4 mummies
  3 adders
  29 gnolls
  A white imp (D:5)
  2 ufetubi
  4 dart slugs
  3 fire bats (D:4)
  38 orcs
  2 spectral bats (D:4)
  8 ball pythons
  15 bats
  3 bat skeletons (D:4)
  A bat zombie (D:4)
  2 endoplasms (D:1)
  3 giant cockroaches
  10 goblins
  9 hobgoblins
  5 quokkas
  A bat simulacrum (D:4)
  5 frilled lizards
  A goblin zombie (Ossuary)
  5 hobgoblin zombies (Ossuary)
  12 kobolds
  6 kobold zombies (Ossuary)
  5 rats
314 creatures vanquished.

Vanquished Creatures (others)
  A fungus (D:5)
  2 plants (D:5)
3 creatures vanquished.

Grand Total: 317 creatures vanquished

Notes
Turn   | Place    | Note
-------+----------+-------------------------------------------
     0 | Abyss:1  | Antichthon the Formicid Abyssal Knight began the quest for
                  | the Orb.
     0 | Abyss:1  | Reached XP level 1. HP: 18/18 MP: 2/2
     0 | D:1      | Escaped the Abyss
    76 | D:1      | Reached XP level 2. HP: 22/24 MP: 3/3
   128 | D:1      | Reached skill level 1 in Dodging
   276 | D:1      | Reached ** piety under Lugonu
   993 | D:1      | Reached XP level 3. HP: 17/30 MP: 4/4
  1149 | D:2      | Identified the +5 flail of the Assorted Demons {drain,
                  | rPois Will- Int+3}
  1154 | D:2      | Found an opulent altar of Gozag.
  1187 | D:2      | Reached skill level 1 in Stealth
  1310 | D:2      | Noticed Sigmund
  1334 | D:2      | Killed Sigmund
  1335 | D:2      | Reached skill level 1 in Long Blades
  1335 | D:2      | Reached skill level 1 in Crossbows
  1335 | D:2      | Reached skill level 1 in Shields
  1335 | D:2      | Reached XP level 4. HP: 5/38 MP: 4/6
  1335 | D:2      | Reached XP level 5. HP: 5/43 MP: 4/7
  1335 | D:2      | Reached XP level 6. HP: 6/50 MP: 4/8
  1978 | D:2      | Reached skill level 5 in Fighting
  2009 | D:3      | Found a faded altar of an unknown god.
  2155 | D:3      | Found an iron altar of Okawaru.
  2271 | D:3      | Reached *** piety under Lugonu
  3366 | D:4      | Reached XP level 7. HP: 46/56 MP: 9/9
  3567 | D:4      | Identified the +2 ring mail of Ellunoev {rC+ Will+ Str+6}
  4010 | D:4      | Reached **** piety under Lugonu
  4044 | D:4      | Reached XP level 8. HP: 54/64 MP: 10/10
  4265 | D:5      | Entered Level 5 of the Dungeon
  4353 | D:5      | Noticed Blork the orc
  4365 | D:5      | Killed Blork the orc
  4483 | D:5      | Noticed Edmund
  4498 | D:5      | Killed Edmund
  4835 | D:5      | Identified the +0 ring mail of the Last Artisans {rElec
                  | Will+ Str+4}
  5209 | D:5      | Found a runed translucent gate.
  5210 | D:5      | Found a runed translucent gate.
  5211 | D:5      | Found a runed translucent gate.
  5212 | D:5      | Noticed spaghetti's ghost (novice GnWn)
  5311 | D:6      | Reached XP level 9. HP: 57/71 MP: 12/12
  5539 | D:6      | Reached skill level 5 in Stealth
  5545 | D:6      | Reached skill level 5 in Armour
  5564 | D:6      | Reached ***** piety under Lugonu
  6264 | D:7      | Found a sand-covered staircase.
  6280 | Ossuary  | Entered an ossuary
  7004 | D:7      | Reached XP level 10. HP: 79/79 MP: 13/13
  7161 | D:7      | Reached skill level 5 in Invocations
  7506 | D:7      | Reached skill level 5 in Shields
  7702 | D:7      | Reached skill level 5 in Dodging
  7705 | D:7      | Found a burning altar of Makhleb.
  7951 | D:7      | Found a staircase to the Ecumenical Temple.
  8277 | D:8      | Found a flagged portal.
  8306 | Bailey   | Entered a bailey
  9030 | Bailey   | HP: 2/73 [gnoll/+0 halberd of electrocution (15)]
  9974 | D:8      | Found a broken altar of Ashenzari.
 10037 | D:8      | Reached XP level 11. HP: 81/87 MP: 15/15
 10217 | D:8      | Reached ****** piety under Lugonu
 10427 | D:8      | Reached skill level 1 in Evocations
 10732 | D:8      | Noticed an elephant
 10812 | D:8      | Identified the +3 ring mail "Erchauci" {rElec rC+ Int-2}
 10862 | D:8      | Found a glowing golden altar of the Shining One.
 10864 | D:8      | Found a snail-covered altar of Cheibriados.
 10871 | D:8      | Found a stormy altar of Qazlal.
 10872 | D:8      | Found a hazy altar of Hepliaklqana.
 10874 | D:8      | Found a sacrificial altar of Ru.
 10875 | D:8      | Found an ornate altar of the Wu Jian Council.
 10881 | D:8      | Found an opulent altar of Gozag.
 10882 | D:8      | Found a shimmering blue altar of Sif Muna.
 12399 | D:9      | Reached skill level 5 in Long Blades
 12651 | D:9      | Found Weselid's Book Shoppe.
 13133 | D:10     | Entered Level 10 of the Dungeon
 13164 | D:10     | Found a staircase to the Orcish Mines.
 13278 | D:10     | Noticed Snorg
 13418 | D:10     | Reached skill level 5 in Crossbows
 13682 | D:10     | Noticed a tengu warrior
 14038 | D:11     | Found a frozen archway.
 14049 | IceCv    | Entered an ice cave
 14049 | IceCv    | Noticed a white ugly thing
 14066 | IceCv    | Slain by an entropy weaver simulacrum

Illustrated notes

Levels and vault maps discovered:
D:1:      amcnicky_arrival_underground_garden, layout_loops_cross
D:2:      layout_rooms, basic_altar, uniq_sigmund
D:3:      corexii_shack_village, layout_basic, lemuel_doored_altar,
          ebering_ecumenical_altar_petrified, grunt_ministairs_2
D:4:      layout_gridville, kennysheep_big_empty_room, goddamned_bats
D:5:      layout_loops_ring, gammafunk_ghost_nasty_kobolds, uniq_blork_the_orc,
          uniq_edmund
D:6:      layout_basic, minmay_fountain_box, minmay_misc_feat_roman
D:7:      layout_basic, makhleb_heckhound_becter, minmay_temple_entry_fiery,
          gup_ossuary_entry_pyramid, item_on_display_a
D:8:      wad_woods_minihive, layout_loops_ring,
          nicolae_overflow_hallway_of_the_gods, ashenzari_conservatory_becter,
          enter_bailey_1, kennysheep_small_spiral
D:9:      layout_irregular_city, serial_shops, shop
D:10:     layout_loops_corners, orc_0_dummy, hellmonk_guarded_unrand_lears,
          uniq_maurice, uniq_snorg, uniq_nergalle
D:11:     layout_layer_cave, lair_entry_dummy, portal_ice_cave_entry_pillars_1,
          dancing_weapons_uskayaw
IceCv:    ice_cave_statue_garden_transporter

Skill      XL: |  1  2  3  4  5  6  7  8  9 10 11 |
---------------+----------------------------------+-----
Dodging        | 1 2 3 4 5 6 |  6.3
Fighting       | 4 5 6 7 8 |  8.9
Stealth        | 1 2 3 4 5 7 8 |  8.2
Long Blades    | 1 2 3 4 6 |  6.0
Crossbows      | 1 2 3 4 5 |  5.0
Armour         | 3 4 5 6 7 |  7.3
Shields        | 1 2 3 4 5 7 |  7.2
Invocations    | 3 4 5 6 |  6.5
Evocations     | 2 |  2.2
Short Blades   | |  2.0

Action                   |  1- 3 |  4- 6 |  7- 9 | 10-12 || total
-------------------------+-------+-------+-------+-------++-------
Melee: Short sword       |    45 |       |       |       ||    45
       Punch             |     1 |     1 |     2 |       ||     4
       Flail             |    20 |    90 |   228 |   345 ||   683
       Scimitar          |       |       |       |   190 ||   190
Invok: Depart the Abyss  |     1 |       |       |       ||     1
       Bend Space        |       |       |       |     3 ||     3
Evoke: Wand              |       |       |       |     1 ||     1
  Use: Scroll            |     4 |     4 |    12 |    16 ||    36
       Potion            |       |       |     1 |     7 ||     8
 Stab: Sleeping          |     1 |     6 |    11 |    14 ||    32
       Distracted        |       |       |     1 |     2 ||     3
Armor: Leather armour    |    14 |    23 |     8 |       ||    45
       Robe              |       |    10 |       |       ||    10
       Ring mail         |       |       |   117 |   281 ||   398
Dodge: Dodged            |    42 |    68 |   220 |   417 ||   747
Block: Kite shield       |       |       |    35 |   392 ||   427

Table legend: (Time is in decaauts)
 A = Elapsed time spent in this place.
 B = Non-inter-level travel time spent in this place.
 C = Inter-level travel time spent in this place.
 D = Time resting spent in this place.
 E = Time spent auto-exploring this place.
 F = Levels seen in this place.
 G = Mean time per level.
                   A        B        C        D        E       F      G
               +--------+--------+--------+--------+--------+-----+--------+
         Total |  14448 |  14069 |    379 |   2632 |   6855 |  15 |  963.2 |
       Dungeon |  12690 |  12311 |    379 |   1881 |   6780 |  11 | 1153.6 |
         Abyss |      0 |      0 |      0 |      0 |      0 |   1 |    0.0 |
       Ossuary |    545 |    545 |      0 |     18 |     35 |   1 |  545.0 |
        Bailey |   1193 |   1193 |      0 |    733 |     40 |   1 | 1193.0 |
      Ice Cave |     18 |     18 |      0 |      0 |      0 |   1 |   18.0 |
               +--------+--------+--------+--------+--------+-----+--------+

Top non-repeatable levels by time:
     D:8: 1859 daAuts
     D:9: 1791 daAuts
     D:7: 1757 daAuts
  Bailey: 1193 daAuts
     D:3: 1169 daAuts
     D:4: 1159 daAuts
     D:1: 1137 daAuts
     D:5: 1032 daAuts
     D:6: 978 daAuts
    D:10: 876 daAuts
     D:2: 874 daAuts
 Ossuary: 545 daAuts
    D:11: 54 daAuts
   IceCv: 18 daAuts
